Map: Proxima Station LE

Players

Nerchio

  • Race: Zerg Zerg
  • Spawn Location: 1:00

PiLiPiLi - Winner!

  • Race: Protoss Protoss
  • Spawn Location: 7:00

Event: IEM XI Katowice - World Championship 2017

VOD

Have the link to the VOD?

Description

Time

  • Played on: March 3, 2017, 9:48 a.m.
  • Length: 14:26

All games in this series

Show
View Real Time Build Order
Export as new Build Order

Nerchio Zerg 

Build Orders: Hatch First 

Get SALT Encoding   

  12  0:00  Drone  
  13  0:12  Overlord  
  13  0:18  Drone  
  14  0:31  Drone x2  
  14  0:34  Drone  
  17  0:53  Hatchery  
  17  0:55  Drone  
  17  0:59  Drone  
  18  1:07  Extractor  
  17  1:14  Spawning Pool  
  17  1:17  Drone  
  17  1:21  Drone  
  18  1:28  Drone  
  19  1:38  Overlord  
  19  1:49  Drone  
  20  2:01  Zergling x2, Queen  
  20  2:05  Queen  
  20  2:07  Zergling x2  
  26  2:09  Metabolic Boost  
  26  2:14  Drone  
  27  2:17  Drone  
  27  2:21  Drone  
  29  2:28  Drone  
  30  2:40  Hatchery  
  30  2:42  Drone  
  30  2:45  Drone  
  30  2:47  Drone  
  32  2:51  Overlord  
  32  2:54  Drone  
  33  3:01  Queen  
  35  3:07  Zergling x2  
  35  3:10  Drone  
  35  3:11  Drone x2  
  39  3:16  Drone x2  
  41  3:20  Spore Crawler  
  41  3:23  Drone x2  
  41  3:24  Drone  
  41  3:26  Drone  
  44  3:31  Overlord  
  44  3:43  Extractor  
  44  3:44  Evolution Chamber  
  42  3:49  Overlord  
  42  3:50  Drone  
  42  3:53  Baneling Nest  
  42  3:57  Queen  
  42  4:01  Drone x3  
  42  4:02  Zergling x8  
  51  4:08  Pneumatized Carapace  
  51  4:09  Zergling x2  
  52  4:14  Zergling x2  
  52  4:16  Zergling x2  
  54  4:18  Zergling x2  
  54  4:21  Zergling x2  
  54  4:22  Zergling x2  
  57  4:26  Spore Crawler  
  57  4:28  Overlord  
  56  4:37  Queen  
  58  4:38  Queen  
  58  4:42  Zergling x2  
  58  4:43  Zergling x4  
  63  4:56  Zergling x2  
  63  4:57  Zergling x4  
  63  4:58  Overlord x2  
  66  5:02  Baneling x5  
  66  5:06  Overlord  
  66  5:09  Baneling x3  
  66  5:12  Overlord  
  66  5:16  Overlord  
  64  5:21  Overlord  
  64  5:27  Zergling x2  
  64  5:28  Zergling x6  
  60  5:32  Zergling x2  
  60  5:33  Zergling x4  
  60  5:41  Zergling x2  
  57  5:45  Zergling x10  
  57  5:46  Zergling x2  
  61  5:57  Zergling x6, Queen  
  59  6:00  Baneling x4  
  59  6:01  Zergling x2  
  63  6:04  Zergling x2  
  63  6:05  Zergling x2  
  63  6:11  Baneling x4  
  64  6:12  Zergling x4  
  64  6:15  Zergling x2  
  67  6:22  Zergling x2  
  67  6:24  Zergling x4  
  69  6:31  Zergling x2  
  69  6:32  Zergling x2  
  67  6:33  Zergling x4  
  67  6:34  Queen  
  67  6:36  Zergling x2  
  67  6:42  Zergling x2  
  67  6:46  Zerg Melee Weapons Level 1  
  62  6:47  Drone x2  
  62  6:48  Drone  
  62  6:49  Drone  
  62  6:50  Drone  
  65  6:58  Drone x3  
  65  6:59  Drone  
  69  7:08  Queen, Drone  
  69  7:14  Queen  
  71  7:21  Lair  
  70  7:23  Drone x5  
  70  7:26  Overlord  
  70  7:27  Extractor  
  70  7:29  Zergling x2  
  72  7:30  Zergling x2  
  72  7:36  Zergling x4  
  75  7:37  Extractor  
  75  7:38  Zergling x2  
  75  7:42  Drone x2  
  73  7:51  Zergling x2  
  71  7:53  Zergling x4  
  71  7:55  Queen  
  71  7:58  Queen, Extractor  
  73  8:03  Drone  
  73  8:04  Drone x2  
  73  8:05  Hatchery, Drone  
  77  8:07  Drone  
  77  8:12  Baneling x2  
  77  8:13  Drone x2  
  77  8:15  Drone  
  80  8:20  Queen  
  80  8:21  Infestation Pit  
  80  8:25  Baneling x2, Drone x2  
  83  8:29  Overlord  
  83  8:31  Overlord  
  83  8:40  Drone x4  
  87  8:42  Overlord  
  87  8:47  Drone x4  
  91  8:52  Drone x3  
  91  8:54  Extractor  
  93  8:57  Zerg Ground Armor Level 1  
  93  9:06  Infestor x3  
  99  9:10  Extractor  
  99  9:11  Extractor  
  99  9:14  Neural Parasite  
  99  9:16  Infestor x2  
  101  9:19  Infestor  
  101  9:22  Infestor  
  105  9:30  Burrow  
  105  9:35  Infestor  
  107  9:39  Queen, Drone x2  
  107  9:44  Overlord  
  111  9:47  Overlord x2  
  111  9:48  Overlord  
  111  9:54  Overlord  
  111  10:02  Overlord x2  
  111  10:10  Baneling x2  
  111  10:13  Overlord x2  
  111  10:15  Hive  
  111  10:18  Queen x2, Drone x2  
  114  10:23  Drone x4  
  114  10:24  Drone  
  119  10:29  Overseer  
  119  10:31  Zergling x4  
  119  10:32  Zergling x8  
  125  10:38  Infestor x2  
  125  10:39  Infestor  
  130  10:43  Infestor  
  130  10:46  Infestor  
  130  10:48  Infestor  
  136  10:53  Spore Crawler  
  136  10:54  Spore Crawler  
  134  10:58  Queen  
  134  11:00  Infestor  
  137  11:05  Overseer x3  
  137  11:08  Infestor x2  
  137  11:09  Infestor  
  143  11:12  Infestor  
  145  11:26  Centrifical Hooks  
  145  11:29  Zerg Melee Weapons Level 2  
  146  11:32  Drone  
  146  11:33  Drone x2  
  146  11:37  Hydralisk Den  
  146  11:39  Hatchery  
  146  11:47  Zergling x2  
  146  11:48  Zergling x10  
  152  11:54  Overseer x2  
  152  11:58  Zergling x2  
  152  11:59  Zergling x12  
  152  12:00  Zergling x2  
  160  12:09  Infestor x3  
  160  12:11  Overlord  
  160  12:12  Hatchery  
  160  12:13  Overlord  
  160  12:14  Overlord  
  165  12:18  Overlord  
  165  12:25  Overlord x2  
  165  12:26  Overlord  
  150  12:42  Infestor x6  
  140  12:47  Viper  
  133  12:54  Infestor  
  133  12:58  Queen x2  
  125  13:05  Infestor  
  125  13:06  Infestor, Queen  
  125  13:08  Queen  
  125  13:17  Queen  
  125  13:19  Infestor  
  125  13:21  Spore Crawler  
  125  13:25  Infestor  
  128  13:33  Queen  
  127  13:42  Queen  
  117  13:48  Infestor  
Show
View Real Time Build Order
Export as new Build Order

PiLiPiLi Protoss - Winner!

Build Orders: Nexus First, Oracle Opening, Carrier Rush 

Get SALT Encoding   

  12  0:00  Probe (Chrono Boost)  
  13  0:11  Probe (Chrono Boost)  
  14  0:17  Pylon  
  14  0:22  Probe (Chrono Boost)  
  15  0:35  Probe (Chrono Boost)  
  16  0:45  Probe (Chrono Boost)  
  17  0:57  Nexus  
  17  1:07  Gateway  
  17  1:12  Probe (Chrono Boost)  
  17  1:18  Assimilator  
  18  1:22  Probe (Chrono Boost)  
  18  1:25  Assimilator  
  20  1:33  Probe (Chrono Boost)  
  20  1:43  Probe (Chrono Boost)  
  21  1:54  Probe (Chrono Boost)  
  22  1:55  Cybernetics Core  
  22  1:59  Pylon  
  22  2:04  Probe (Chrono Boost)  
  23  2:10  Probe (Chrono Boost)  
  23  2:11  Zealot  
  23  2:15  Probe (Chrono Boost)  
  27  2:20  Probe (Chrono Boost)  
  28  2:25  Probe (Chrono Boost)  
  29  2:31  Probe (Chrono Boost)  
  29  2:33  Stargate  
  29  2:36  Mothership Core (Chrono Boost)  
  32  2:41  Probe (Chrono Boost)  
  33  2:52  Probe (Chrono Boost)  
  33  2:54  Probe (Chrono Boost)  
  35  3:02  Probe (Chrono Boost)  
  35  3:05  Probe (Chrono Boost)  
  37  3:08  Pylon  
  37  3:12  Oracle  
  37  3:13  Probe (Chrono Boost)  
  37  3:17  Probe (Chrono Boost)  
  42  3:23  Probe (Chrono Boost)  
  43  3:29  Nexus, Probe (Chrono Boost)  
  45  3:34  Probe (Chrono Boost)  
  45  3:35  Pylon  
  45  3:41  Assimilator, Probe (Chrono Boost)  
  46  3:43  Assimilator  
  46  3:44  Probe (Chrono Boost)  
  47  3:49  Void Ray  
  47  3:53  Probe (Chrono Boost)  
  52  3:58  Probe (Chrono Boost)  
  53  4:05  Probe (Chrono Boost)  
  53  4:09  Probe (Chrono Boost)  
  56  4:17  Probe (Chrono Boost), Fleet Beacon  
  56  4:19  Probe (Chrono Boost)  
  56  4:20  Stargate  
  57  4:29  Probe (Chrono Boost)  
  57  4:30  Probe (Chrono Boost)  
  59  4:35  Void Ray  
  59  4:40  Probe (Chrono Boost)  
  59  4:42  Probe x2 (Chrono Boost)  
  66  4:47  Pylon  
  66  4:51  Probe (Chrono Boost)  
  68  4:53  Probe (Chrono Boost)  
  68  4:54  Probe (Chrono Boost)  
  68  4:56  Carrier  
  68  4:57  Assimilator  
  69  5:02  Probe (Chrono Boost)  
  69  5:03  Probe (Chrono Boost)  
  69  5:06  Probe (Chrono Boost)  
  80  5:14  Probe x2 (Chrono Boost)  
  80  5:17  Pylon  
  80  5:18  Probe (Chrono Boost)  
  80  5:32  Forge  
  82  5:37  Probe x2 (Chrono Boost)  
  82  5:40  Carrier  
  82  5:45  Probe (Chrono Boost)  
  82  5:52  Probe (Chrono Boost)  
  82  5:55  Adept  
  78  5:59  Probe x2 (Chrono Boost)  
  83  6:05  Probe (Chrono Boost)  
  83  6:06  Photon Cannon  
  83  6:08  Photon Cannon  
  83  6:10  Photon Cannon  
  83  6:14  Stargate  
  83  6:17  Assimilator, Photon Cannon  
  83  6:18  Carrier  
  83  6:19  Photon Cannon  
  83  6:22  Gateway  
  72  6:33  Probe x2 (Chrono Boost)  
  67  6:40  Mothership Core (Chrono Boost)  
  67  6:42  Photon Cannon  
  67  6:44  Pylon  
  67  6:45  Pylon  
  67  6:50  Probe (Chrono Boost)  
  67  6:51  Probe (Chrono Boost)  
  67  6:52  Photon Cannon  
  69  6:55  Carrier  
  69  6:56  Graviton Catapult  
  69  6:59  Adept  
  69  7:00  Probe (Chrono Boost)  
  71  7:03  Probe (Chrono Boost)  
  71  7:06  Probe (Chrono Boost)  
  80  7:12  Probe (Chrono Boost)  
  80  7:15  Probe (Chrono Boost)  
  81  7:18  Carrier  
  79  7:24  Probe (Chrono Boost)  
  79  7:27  Probe x2 (Chrono Boost)  
  80  7:40  Photon Cannon  
  78  8:00  Probe (Chrono Boost)  
  78  8:01  Probe (Chrono Boost)  
  78  8:03  Probe (Chrono Boost)  
  81  8:06  Void Ray  
  87  8:12  Probe (Chrono Boost)  
  87  8:13  Probe (Chrono Boost)  
  87  8:16  Probe (Chrono Boost)  
  87  8:17  Assimilator  
  88  8:25  Probe x2 (Chrono Boost)  
  91  8:28  Probe (Chrono Boost)  
  97  8:37  Probe x2 (Chrono Boost)  
  97  8:40  Probe (Chrono Boost)  
  100  8:45  Pylon  
  100  8:47  Pylon  
  100  8:48  Pylon  
  101  8:49  Probe (Chrono Boost)  
  101  9:00  Pylon, Void Ray x2  
  101  9:01  Protoss Air Weapons Level 1  
  101  9:05  Probe x2 (Chrono Boost)  
  101  9:08  Void Ray  
  107  9:25  Photon Cannon  
  107  9:37  Void Ray x2  
  107  9:43  Stargate  
  107  9:44  Stargate  
  107  9:45  Pylon  
  115  9:47  Void Ray  
  115  9:49  Photon Cannon x2  
  119  10:07  Pylon  
  119  10:14  Void Ray x2  
  119  10:18  Probe (Chrono Boost)  
  124  10:27  Carrier  
  130  10:28  Void Ray  
  130  10:34  Pylon  
  130  10:35  Pylon  
  134  10:39  Void Ray  
  138  10:52  Pylon, Void Ray  
  138  11:01  Oracle  
  145  11:11  Pylon  
  145  11:12  Carrier  
  145  11:15  Carrier  
  151  11:30  Oracle  
  145  11:37  Oracle  
  148  11:44  Pylon  
  151  11:53  Carrier  
  157  12:09  Photon Cannon  
  157  12:10  Photon Cannon  
  157  12:12  Pylon  
  157  12:13  Nexus  
  157  12:15  Carrier  
  157  12:16  Carrier  
  166  12:41  Carrier  
  154  12:52  Oracle  
  163  13:03  Probe x3 (Chrono Boost)  
  162  13:06  Pylon  
  162  13:07  Pylon  
  168  13:27  Photon Cannon  
  168  13:30  Photon Cannon  
  168  13:33  Probe x3 (Chrono Boost)  
  183  14:07  Photon Cannon x2  

Tags
 
Add a new tag
Caveats
  • Supply blocks, unpowered buildings, or Contaminate may cause inaccurate times.
  • Supply counts are checked every 10 seconds.